 Dungeon Crawl Stone Soup version 0.31.0-12-g77e489cdc1 (webtiles) character file.

Game seed: 15368404426864426696

362 Rassilon the Conjurer (level 6, 0/47 HPs)
             Began as a Draconian Conjurer on Feb 14, 2024.
             Succumbed to a scorpion's poison
             ... on level 4 of the Dungeon.
             The game lasted 00:12:04 (3000 turns).

Rassilon the Conjurer (Draconian Conjurer)          Turns: 3000, Time: 00:12:04

Health: 0/47       AC:  6    Str:  9    XL:     6   Next: 39%
Magic:  2/10       EV: 12    Int: 20    God:
Gold:   204        SH:  0    Dex: 10    Spells: 2/10 levels left

rFire   + . .        b - staff of conjuration
rCold   . . .        (no shield)
rNeg    . . .        (body armour unavailable)
rPois   .            (helmet restricted)
rElec   .            (no cloak)
rCorr   .            (no gloves)
SInv    +            (no boots)
Will    .....        (no amulet)
Stlth   ++           g - ring of protection from fire
HPRegen 0.27/turn    o - ring of see invisible
MPRegen 0.12/turn

%: no passive effects
@: lethally poisoned (0 -> -2), attractive, hasted, very quick
A: AC +6, unfitting armour, cold-blooded, see invisible
a: no special abilities


You were on level 4 of the Dungeon.
You visited 1 branch of the dungeon, and saw 4 of its levels.

You collected 204 gold pieces.

Inventory:

Hand Weapons
 j - a +1 dagger of chaos
Magical Staves
 b - a staff of conjuration (weapon)
Jewellery
 g - a ring of protection from fire (left hand)
 o - a ring of see invisible (right hand)
Wands
 a - a wand of iceblast (8)
Scrolls
 d - 5 scrolls of teleportation
 f - a scroll of fog
 l - 2 scrolls of summoning
Potions
 e - a potion of cancellation


   Skills:
 - Level 1.3 Fighting
 - Level 0.5 Short Blades
 - Level 2.1 Polearms
 + Level 3.0 Dodging
 - Level 2.9 Stealth
 - Level 0.1 Unarmed Combat
 + Level 2.8 Spellcasting
 + Level 5.6 Conjurations
 + Level 0.0 Evocations


You had 2 spell levels left.
You knew the following spells:

 Your Spells              Type           Power      Damage    Failure   Level
a - Magic Dart            Conj           100%       1d8       1%          1
b - Searing Ray           Conj           74%        2d7       2%          2
c - Ensorcelled Hibernat  Hex/Ice        4%         N/A       22%         2
d - Hailstorm             Conj/Ice       21%        3d7       14%         3

Your spell library contained the following spells:

 Spells                   Type           Power      Damage    Failure   Level
 Passwall                 Erth           2%         N/A       41%         3
 Summon Ice Beast         Ice/Summ       2%         N/A       41%         3
 Swiftness                Air            2%         N/A       41%         3
 Fulminant Prism          Conj/Alch      10%        3d8       41%         4
 Iskenderun's Mystic Bla  Conj/Tloc      21%        2d6       41%         4
 Sculpt Simulacrum        Ice/Alch       1%         N/A       100%        6


Dungeon Overview and Level Annotations

Branches:
Dungeon (4/15)
 Temple: D:4-7

Altars:
Makhleb
Xom


Innate Abilities, Weirdness & Mutations

Your plain brown scales are hard. (AC +6)
You cannot fit into any form of body armour.
You are cold-blooded and may be slowed by cold attacks.
You have supernaturally acute eyesight. (SInv)


Message History

Confirm with . or Enter, or press ? or * to list all spells.
Aiming: Magic Dart (safe; 1% risk of failure)
Press: ? - help, Shift-Dir - straight line, f/p - scorpion
Aim: a scorpion (moderately wounded, 100% to hit)
You feel a surge of power!
The magic dart hits the scorpion.
The scorpion is heavily wounded.
You feel sick.
Casting: Magic Dart (safe; 1% risk of failure)
Confirm with . or Enter, or press ? or * to list all spells.
Aiming: Magic Dart (safe; 1% risk of failure)
Press: ? - help, Shift-Dir - straight line, f/p - scorpion
Aim: a scorpion (heavily wounded, 100% to hit)
You feel a surge of power!
The magic dart hits the scorpion but does no damage.
The scorpion is heavily wounded.
The scorpion stings you.
* * * LOW HITPOINT WARNING * * *
It was a potion of attraction.
You feel attractive to monsters.
You feel sick. The scorpion barely misses you.
You hit the scorpion but do no damage.
Your tail-slap misses the scorpion.
The scorpion is heavily wounded.
You feel sick. The scorpion stings you.
* * * LOW HITPOINT WARNING * * *
You feel extremely strange.
You feel frail.
You feel stronger.
You no longer feel strong-willed.
Your vision sharpens.
The scorpion closely misses you.
You closely miss the scorpion.
The scorpion is heavily wounded.
You feel sick. The scorpion stings you.
* * * LOW HITPOINT WARNING * * *
Casting: Magic Dart (safe; 1% risk of failure)
Confirm with . or Enter, or press ? or * to list all spells.
Aiming: Magic Dart (safe; 1% risk of failure)
Press: ? - help, Shift-Dir - straight line, f/p - scorpion
Aim: a scorpion (moderately wounded, 100% to hit)
You feel a surge of power!
The magic dart hits the scorpion.
The scorpion is heavily wounded.
You die...

#..... #...... ## .......
.## ....... ..### .......
#...############# .......
...<............##.......
..#########..>..@s.......
.## ########....... ##
..##### # .## ##


You could see a scorpion.

Vanquished Creatures
  Sigmund (D:3)
  A crimson imp (D:3)
  A bombardier beetle (D:3)
  An iguana (D:3)
  Natasha (twice) (D:2)
  3 adders (D:3)
  A ribbon worm (D:2)
  A dart slug (D:1)
  An orc (D:3)
  5 bats
  2 endoplasms (D:1)
  A giant cockroach (D:1)
  4 goblins
  5 hobgoblins
  A quokka (D:4)
  6 ball pythons
  2 frilled lizards
  2 kobolds (D:1)
  6 rats
46 creatures vanquished.

Vanquished Creatures (collateral kills)
  A kobold (D:3)
1 creature vanquished.

Grand Total: 47 creatures vanquished

Notes
Turn   | Place    | Note
-------+----------+-------------------------------------------
     0 | D:1      | Rassilon the Draconian Conjurer began the quest for the
                  | Orb.
     0 | D:1      | Reached XP level 1. HP: 14/14 MP: 3/3
   380 | D:1      | Reached XP level 2. HP: 20/20 MP: 1/5
   383 | D:1      | Learned a level 2 spell: Searing Ray
   939 | D:1      | Learned a level 2 spell: Ensorcelled Hibernation
  1135 | D:2      | Noticed Natasha
  1140 | D:2      | Killed Natasha
  1141 | D:2      | Reached XP level 3. HP: 13/26 MP: 0/6
  1685 | D:2      | Noticed Natasha
  1687 | D:2      | Killed Natasha
  1688 | D:2      | Reached skill level 5 in Conjurations
  1688 | D:2      | Reached XP level 4. HP: 33/33 MP: 3/7
  1930 | D:3      | Gained mutation: You are weak. (Str -2) [potion of
                  | mutation]
  1930 | D:3      | Gained mutation: You are robust. (+10% HP) [potion of
                  | mutation]
  1930 | D:3      | Gained mutation: You are strong-willed. (Will+) [potion of
                  | mutation]
  2413 | D:3      | Reached skill level 1 in Polearms
  2413 | D:3      | Reached XP level 5. HP: 39/42 MP: 1/8
  2546 | D:3      | Found a shimmering altar of Xom.
  2546 | D:3      | Found a burning altar of Makhleb.
  2724 | D:3      | Noticed Sigmund
  2732 | D:3      | Killed Sigmund
  2733 | D:3      | Reached skill level 1 in Fighting
  2733 | D:3      | Reached XP level 6. HP: 46/51 MP: 8/10
  2756 | D:3      | Learned a level 3 spell: Hailstorm
  2998 | D:4      | Lost mutation: You are robust. (+10% HP) [potion of
                  | mutation]
  2998 | D:4      | Lost mutation: You are weak. (Str -2) [potion of mutation]
  2998 | D:4      | Lost mutation: You are strong-willed. (Will+) [potion of
                  | mutation]
  2998 | D:4      | Gained mutation: You have supernaturally acute eyesight.
                  | (SInv) [potion of mutation]
  2999 | D:4      | HP: 1/47 [scorpion (4)]
  3000 | D:4      | Succumbed to a scorpion's poison

Illustrated notes

Levels and vault maps discovered:
D:1:      dpeg_arrival_rooms_with_view, layout_loops_ring,
          nicolae_concentric_dashed_squares_wild
D:2:      layout_loops_cross, kennysheep_generic_room_13, uniq_natasha
D:3:      layout_loops_cross, grunt_temple_overflow_champion_of_chaos,
          uniq_sigmund
D:4:      layout_cave_pods, minmay_temple_entry_stoned_glass,
          nicolae_houndstooth_variations

Skill      XL: |  1  2  3  4  5 |
---------------+----------------+-----
Stealth        | 2 |  2.9
Dodging        | 2 3 |  3.0
Conjurations   | 5 |  5.6
Polearms       | 1 2 |  2.1
Fighting       | 1 |  1.3
Short Blades   | |  0.5
Unarmed Combat | |  0.1
Spellcasting   | |  2.8

Action                     |  1- 3 |  4- 6 || total
---------------------------+-------+-------++-------
  Melee: Unarmed           |    10 |       ||    10
         Tailslap          |     6 |     4 ||    10
         Spear             |    49 |    36 ||    85
         Dagger            |       |    10 ||    10
         Staff             |       |    15 ||    15
   Cast: Magic Dart        |    16 |    20 ||    36
         Searing Ray       |     7 |     8 ||    15
         Ensorcelled Hiber |       |     2 ||     2
    Use: Potion            |       |     7 ||     7
         Scroll            |       |     7 ||     7
   Stab: Sleeping          |     1 |     1 ||     2
 Armour: Skin              |    28 |    56 ||    84
  Dodge: Dodged            |    44 |    36 ||    80
